 Dungeon Crawl Stone Soup version 0.23.0-42-geed6394 (webtiles) character file.

Game seed: 17330819323616422159

386 dengdeng the Skirmisher (level 6, -2/57 HPs)
             Began as a Minotaur Berserker on Feb 28, 2019.
             Was a Believer of Trog.
             Slain by an ogre
             ... wielding a +0 giant spiked club
              (14 damage)
             ... on level 4 of the Dungeon.
             The game lasted 00:09:08 (3086 turns).

dengdeng the Skirmisher (Minotaur Berserker)        Turns: 3086, Time: 00:09:09

Health: -2/57      AC: 11    Str: 23    XL:     6   Next: 48%
Magic:  5/5        EV:  9    Int:  4    God:    Trog [**....]
Gold:   148        SH:  0    Dex: 10    Spells: 5/5 levels left

rFire    . . .     SeeInvis .   p - +4 quarterstaff (chaos)
rCold    + . .     Gourm    .   (shield currently unavailable)
rNeg     . . .     Faith    .   f - +0 chain mail
rPois    .         Spirit   .   (helmet restricted)
rElec    .         Reflect  .   v - +0 cloak
rCorr    .         Harm     .   u - +0 pair of gloves
MR       .....                  (no boots)
Stlth    ..........             (no amulet)
HPRegen  0.19/turn              d - ring of protection from cold
MPRegen  0.09/turn              (no ring)

@: no status effects
A: retaliatory headbutt, horns 2
a: Berserk, Trog's Hand, Renounce Religion


You were on level 4 of the Dungeon.
You worshipped Trog.
Trog was pleased with you.
You were not hungry.

You visited 1 branch of the dungeon, and saw 4 of its levels.

You collected 148 gold pieces.

Inventory:

Hand Weapons
 a - a +0 hand axe
 k - a +2 dagger of venom
 p - a +4 quarterstaff of chaos (weapon)
Missiles
 q - 53 stones (quivered)
Armour
 f - a +0 chain mail (worn)
 t - a +0 large shield
 u - a +0 pair of gloves (worn)
 v - a +0 cloak (worn)
Jewellery
 b - an uncursed ring of protection from cold
 d - a ring of protection from cold (left hand)
Scrolls
 e - 4 scrolls of identify {unknown}
 g - a scroll of blinking {unknown}
 h - a scroll of immolation {unknown}
 i - 2 scrolls of teleportation {unknown}
 l - 3 scrolls of fear {unknown}
 m - 4 scrolls of remove curse {unknown}
 x - a scroll of fog {unknown}
Potions
 j - a potion of flight {unknown}
 n - 4 potions of brilliance {unknown}
 o - a potion of might {unknown}
 r - a potion of agility {unknown}
 s - a potion of mutation {unknown}
Comestibles
 c - 5 rations
 w - a chunk of flesh


   Skills:
 * Level 5.6 Fighting
 + Level 1.2 Short Blades
 + Level 5.0 Axes
 + Level 0.8 Staves
 + Level 0.1 Throwing
 * Level 4.1 Armour
 + Level 3.6 Dodging
 + Level 0.5 Stealth
 + Level 1.6 Shields


You had 5 spell levels left.
You didn't know any spells.
Your spell library was empty.

Dungeon Overview and Level Annotations

Branches:
Dungeon (4/15)
 Temple: D:4-7

Altars:


Innate Abilities, Weirdness & Mutations

You reflexively headbutt those who attack you in melee.
You have a pair of horns on your head.


Message History

Your Axes skill increases to level 5!
Your Armour skill increases to level 4!
Your Shields skill increases to level 1!
You have reached level 6!
Your experience leads to an increase in your attributes!
Increase (S)trength, (I)ntelligence, or (D)exterity?
You feel stronger. The ogre barely misses you.
You hit the ogre.
You feel better.
The ogre is moderately wounded.
You feel less confused.
The ogre hits you with a +0 giant spiked club.
You sock the ogre!
The ogre flickers and vanishes!
Deactivating autopickup; reactivate with Ctrl-A.
You headbutt something! Something hits you!!
You closely miss something. Something hits you!
You closely miss something. Something hits you!
* * * LOW HITPOINT WARNING * * *
You closely miss something. You barely miss something. Something hits you!
You die...

......
......
..... #
#... ..
#..# $..
##..###....
#...#......
#<{........
#).@.##..
#..#.#
#...###
##.## #.#
###


There were no monsters in sight!

Vanquished Creatures
  Sigmund (D:4)
  A crimson imp (D:3)
  An orc priest (D:3)
  Crazy Yiuf (D:3)
  5 adders (D:2)
  A gnoll (D:2)
  An ooze (D:1)
  A worm (D:2)
  2 leopard geckos
  5 orcs (D:3)
  6 bats
  3 giant cockroaches
  11 goblins
  8 hobgoblins
  2 quokkas (D:2)
  A ball python (D:1)
  3 frilled lizards
  7 kobolds
  7 rats
67 creatures vanquished.

Notes
Turn   | Place    | Note
-------+----------+-------------------------------------------
     0 | D:1      | dengdeng the Minotaur Berserker began the quest for the
                  | Orb.
     0 | D:1      | Reached XP level 1. HP: 19/19 MP: 0/0
   206 | D:1      | Reached XP level 2. HP: 16/27 MP: 1/1
  1251 | D:2      | Reached XP level 3. HP: 25/34 MP: 2/2
  1506 | D:2      | Reached XP level 4. HP: 25/41 MP: 3/3
  1750 | D:2      | Reached ** piety under Trog
  2453 | D:3      | Reached skill level 5 in Fighting
  2453 | D:3      | Reached XP level 5. HP: 12/48 MP: 4/4
  2731 | D:3      | Found a runed translucent door.
  2732 | D:3      | Noticed Crazy Yiuf
  2738 | D:3      | Killed Crazy Yiuf
  3074 | D:4      | Noticed Sigmund
  3074 | D:4      | Noticed an ogre
  3080 | D:4      | Killed Sigmund
  3080 | D:4      | Reached skill level 1 in Short Blades
  3080 | D:4      | Reached skill level 5 in Axes
  3080 | D:4      | Reached skill level 1 in Shields
  3080 | D:4      | Reached XP level 6. HP: 52/57 MP: 5/5
  3086 | D:4      | Slain by an ogre

Skill      XL: |  1  2  3  4  5 |
---------------+----------------+-----
Fighting       | 4 5 |  5.6
Axes           | 4 5 |  5.0
Dodging        | 3 |  3.6
Armour         | 3 4 |  4.1
Short Blades   | 1 |  1.2
Shields        | 1 |  1.6
Staves         | |  0.8
Throwing       | |  0.1
Stealth        | |  0.5

Action                   |  1- 3 |  4- 6 || total
-------------------------+-------+-------++-------
Melee: Hand axe          |    34 |       ||    34
       Headbutt          |    11 |    13 ||    24
       Dagger            |    37 |    59 ||    96
       Quarterstaff      |       |    20 ||    20
Throw: Stone             |       |     3 ||     3
Invok: Berserk           |       |     2 ||     2
  Eat: Chunk             |     2 |     7 ||     9
Armor: Animal skin       |     5 |     1 ||     6
       Chain mail        |       |    33 ||    33
Dodge: Dodged            |    40 |    27 ||    67
Block: Large shield      |       |    17 ||    17
